 Dungeon Crawl Stone Soup version 0.30.0-29-ga12c61a403 (webtiles) character file.

Game seed: 7894030935506079824

328 qw the Chopper (level 6, -7/38 HPs)
             Began as a Gargoyle Fighter on June 2, 2023.
             Was an Initiate of Okawaru.
             Killed by divine providence
             ... invoked by an orc priest
              (14 damage)
             ... on level 5 of the Dungeon.
             The game lasted 00:01:42 (3109 turns).

qw the Chopper (Gargoyle Fighter)                   Turns: 3109, Time: 00:01:42

Health: -7/38      AC: 19    Str: 28    XL:     6   Next: 50%
Magic:  6/6        EV:  8    Int:  3    God:    Okawaru [......]
Gold:   183        SH:  4    Dex:  9    Spells: 5/5 levels left

rFire   . . .        Y - +1 war axe
rCold   + . .        c - +0 buckler
rNeg    + + .        k - +0 chain mail
rPois   inf          (no helmet)
rElec   +            (no cloak)
rCorr   .            q - +1 pair of gloves of the Old World {rN+ Str+6 Int-5 Stlth+}
SInv    .            a - +3 pair of mountain boots {steadfast, rC+}
Will    .....        (no amulet) Stlth
                     (no ring)
HPRegen 0.26/turn    (no ring)
MPRegen 0.10/turn

%: no passive effects
@: no status effects
A: sickness immunity, AC +4, negative energy resistance 1, electricity
resistance, torment resistance 1, petrification resistance
a: Renounce Religion


You were on level 5 of the Dungeon.
You worshipped Okawaru.
Okawaru was noncommittal.
You visited 2 branches of the dungeon, and saw 6 of its levels.

You collected 183 gold pieces.


Innate Abilities, Weirdness & Mutations

You are immune to sickness and miasma.
Your stone body is resilient. (AC +4)
You are immune to poison.
You resist negative energy. (rN+)
You are resistant to electric shocks. (rElec)
You are resistant to unholy torment.
You are immune to petrification.


   Skills:
 + Level 3.9 Fighting
 - Level 5.5 Axes
 - Level 1.3 Throwing
 - Level 3.2 Armour
 - Level 3.2 Shields


You had 5 spell levels left.
You didn't know any spells.
Your spell library was empty.

Inventory:

Hand Weapons
 p - a +0 flail
 Y - a +1 war axe (weapon)
Missiles
 i - 4 javelins (quivered)
 l - 3 boomerangs
Armour
 a - the +3 pair of mountain boots (worn) {steadfast, rC+}
   (You acquired it on level 2 of the Dungeon)

   Steadfast: It prevents involuntary movement, except for blinking,
   teleportation, or banishment.
   rC:        It protects you from cold.
 c - a +0 buckler (worn)
 k - a +0 chain mail (worn)
 q - the +1 pair of gloves of the Old World (worn) {rN+ Str+6 Int-5 Stlth+}
   (You acquired it on level 4 of the Dungeon)

   Str:       It affects your strength (+6).
   Int:       It affects your intelligence (-5).
   rN:        It protects you from negative energy.
   Stlth:     It makes you more stealthy.
Scrolls
 o - a scroll of identify
Potions
 d - 2 potions of might
 f - a potion of curing
 g - a potion of mutation
 h - a potion of resistance
 j - a potion of ambrosia {unknown}
 m - a potion of attraction {unknown}
 n - a potion of magic {unknown}

Dungeon Overview and Level Annotations

Branches:
Dungeon (5/15)             Temple (1/1) D:4

Altars:
Ashenzari
Elyvilon
Fedhas
Gozag
Hepliaklqana
Kikubaaqudgha
Makhleb
Nemelex Xobeh
Okawaru
Ru
Uskayaw
Vehumet
Wu Jian
Xom
Yredelemnul
Zin
The Shining One

Shops:
D:2 :   D:5 =

Annotations:
D:4 2 transporters


Message History

You hit the orc priest.
The orc priest hits you but does no damage.
You block the orc's attack.
The orc priest hits you but does no damage.
Something hits you but does no damage.
You closely miss the orc.
The orc is severely wounded.
You hit the orc priest but do no damage.
You barely miss something. You closely miss the orc priest.
You closely miss something.
The orc priest hits you but does no damage.
The orc hits you but does no damage. Something hits you but does no damage.
The orc priest hits you but does no damage.
You hit the orc.
You kill the orc!
Okawaru accepts your kill.
You hit something. You hit the orc priest. You barely miss something.
You hit the orc priest but do no damage.
Something hits you but does no damage. x2
The orc priest hits you but does no damage. x2
You barely miss the orc priest.
The orc priest is heavily wounded.
You barely miss something. You hit something. You slash the orc!
You kill the orc!
Okawaru accepts your kill.
You barely miss the orc priest.
The orc priest hits you but does no damage.
Something completely misses you.
The orc priest looks satisfied for a moment.
Something hits you but does no damage.
A dart slug comes into view.
You barely miss the orc priest.
The orc priest is heavily wounded.
You miss something. You hit something but do no damage.
You barely miss the orc.
You hit the orc priest but do no damage.
Something hits you but does no damage. You block the orc's attack.
The orc priest hits you but does no damage.
The orc priest calls down the wrath of Beogh upon you.
Beogh smites you!
You die...

#...# ..#
#...##..###
#..........
##+####.........
#.............#
#....8........###
##........{......
#..>.\.<.@o......
#.......{oo......
#....8#.......##.
#.....#.......#
#.... #.........
#.... #..........
#... #.......###
#... #.w....$#


You could see 2 orc priests, a dart slug and an orc.

Vanquished Creatures
  A black bear (D:4)
  Natasha (thrice) (D:2)
  3 gnolls (D:4)
  An ufetubus (D:4)
  A worm (D:2)
  2 dart slugs
  21 orcs
  12 endoplasms
  2 giant cockroaches
  6 goblins
  8 hobgoblins
  8 jackals
  7 kobolds
  2 quokkas
  7 ball pythons
  2 bats (D:1)
  3 frilled lizards (D:1)
  8 rats
97 creatures vanquished.

Notes
Turn   | Place    | Note
-------+----------+-------------------------------------------
     0 | D:1      | qw the Gargoyle Fighter began the quest for the Orb.
     0 | D:1      | Reached XP level 1. HP: 14/14 MP: 1/1
     0 | D:1      | 0 ||| qw: Version: 0.2-a-102-gdf20003
     0 | D:1      | 0 ||| qw: Game counter: 902
     0 | D:1      | 0 ||| qw: Always use a shield: true
     0 | D:1      | 0 ||| qw: God list: Okawaru
     0 | D:1      | 0 ||| qw: Allow faded altars: false
     0 | D:1      | 0 ||| qw: Do Orc after D:15 true
     0 | D:1      | 0 ||| qw: Do second Lair branch before Depths: true
     0 | D:1      | 0 ||| qw: Lair rune preference: random
     0 | D:1      | 0 ||| qw: Plans: Normal, Zot:1-4, Slime:5, God:TSO, Crypt,
                  | Tomb, Pan, Hells, Abyss, Win
     0 | D:1      | 0 ||| PLANNING D:1-11
    59 | D:1      | 59 ||| Stepping ~*~*~tactically~*~*~ (stealth).
    60 | D:1      | 60 ||| Stepping ~*~*~tactically~*~*~ (stealth).
    61 | D:1      | 61 ||| Stepping ~*~*~tactically~*~*~ (stealth).
    76 | D:1      | Reached skill level 2 in Axes
   134 | D:1      | 134 ||| Stepping ~*~*~tactically~*~*~ (stealth).
   143 | D:1      | Reached XP level 2. HP: 16/19 MP: 2/2
   190 | D:1      | 190 ||| Stepping ~*~*~tactically~*~*~ (stealth).
   276 | D:1      | Reached skill level 3 in Axes
   281 | D:1      | Reached XP level 3. HP: 11/23 MP: 3/3
   577 | D:1      | 577 ||| UPGRADING to +0 pair of gloves.
   582 | D:1      | 582 ||| READING scroll labelled SOD WAIBLOCH.
   640 | D:2      | 640 ||| Stepping ~*~*~tactically~*~*~ (stealth).
   695 | D:2      | Found Nueloeb's Book Emporium.
   720 | D:2      | 720 ||| READING scroll labelled WUNUKLAUSCH.
   881 | D:2      | Noticed Natasha
   882 | D:2      | 882 ||| Stepping ~*~*~tactically~*~*~ (hiding).
   891 | D:2      | Killed Natasha
   892 | D:2      | Reached skill level 1 in Throwing
   892 | D:2      | Reached XP level 4. HP: 22/28 MP: 4/4
  1143 | D:2      | Noticed Natasha
  1151 | D:2      | Killed Natasha
  1152 | D:2      | Reached skill level 4 in Axes
  1302 | D:2      | 1302 ||| Stepping ~*~*~tactically~*~*~ (hiding).
  1303 | D:2      | 1303 ||| Stepping ~*~*~tactically~*~*~ (hiding).
  1304 | D:2      | 1304 ||| Stepping ~*~*~tactically~*~*~ (hiding).
  1305 | D:2      | 1305 ||| Stepping ~*~*~tactically~*~*~ (hiding).
  1464 | D:2      | Noticed Natasha
  1465 | D:2      | 1465 ||| Stepping ~*~*~tactically~*~*~ (hiding).
  1473 | D:2      | HP: 7/28 [cerulean imp/+1 spear[Natasha] (1)]
  1474 | D:2      | Killed Natasha
  1475 | D:2      | Reached XP level 5. HP: 8/32 MP: 5/5
  1608 | D:2      | 1608 ||| READING scroll labelled JESIDD DEIPP.
  1608 | D:2      | Identified a scroll of acquirement
  1608 | D:2      | 1608 ||| ACQUIRING +3 pair of mountain boots {steadfast,
                  | rC+}
  1608 | D:2      | Acquired the +3 pair of mountain boots {steadfast, rC+}
  1608 | D:2      | Found the +3 pair of mountain boots {steadfast, rC+}
  1610 | D:2      | 1610 ||| UPGRADING to +3 pair of mountain boots {steadfast,
                  | rC+}.
  1615 | D:2      | 1615 ||| READING scroll labelled SONEL HESER.
  1620 | D:2      | 1620 ||| READING scroll labelled CONTYZX CI GEKH.
  1621 | D:2      | 1621 ||| DRINKING 2 puce potions.
  1696 | D:3      | 1696 ||| Stepping ~*~*~tactically~*~*~ (stealth).
  1810 | D:3      | 1810 ||| Stepping ~*~*~tactically~*~*~ (stealth).
  1812 | D:3      | 1812 ||| Stepping ~*~*~tactically~*~*~ (stealth).
  1814 | D:3      | 1814 ||| Stepping ~*~*~tactically~*~*~ (hiding).
  1828 | D:3      | 1828 ||| Stepping ~*~*~tactically~*~*~ (stealth).
  1897 | D:3      | Found a faded altar of an unknown god.
  2153 | D:3      | Found an ornate altar of the Wu Jian Council.
  2308 | D:3      | 2308 ||| UPGRADING to +0 chain mail.
  2318 | D:3      | 2318 ||| DROPPING +0 scale mail.
  2388 | D:4      | Found a transporter.
  2400 | D:4      | Found a transporter.
  2432 | D:4      | 2432 ||| Stepping ~*~*~tactically~*~*~ (stealth).
  2458 | D:4      | 2458 ||| Stepping ~*~*~tactically~*~*~ (stealth).
  2465 | D:4      | 2465 ||| DROPPING +0 whip.
  2587 | D:4      | Noticed a black bear
  2592 | D:4      | Killed a black bear
  2593 | D:4      | Reached skill level 5 in Axes
  2593 | D:4      | Reached XP level 6. HP: 37/37 MP: 6/6
  2647 | D:4      | 2647 ||| Stepping ~*~*~tactically~*~*~ (stealth).
  2748 | D:4      | Found a staircase to the Ecumenical Temple.
  2749 | D:4      | 2749 ||| PLANNING TEMPLE
  2749 | D:4      | 2749 ||| DROPPING ring of magical power.
  2750 | D:4      | 2750 ||| READING 3 scrolls labelled ZUTOUL ROHUAS.
  2751 | D:4      | 2751 ||| READING 2 scrolls of identify.
  2751 | D:4      | 2751 ||| IDENTIFYING black potion
  2799 | Temple   | Entered the Ecumenical Temple
  2800 | Temple   | 2800 ||| PLANNING OKAWARU WORSHIP
  2807 | Temple   | Became a worshipper of Warmaster Okawaru
  2807 | Temple   | 2807 ||| PLANNING D:1-11
  2827 | D:4      | 2827 ||| READING scroll of acquirement.
  2827 | D:4      | 2827 ||| ACQUIRING +1 pair of gloves of the Old World {rN+
                  | Str+6 Int-5 Stlth+}
  2827 | D:4      | Acquired the +1 pair of gloves of the Old World {rN+ Str+6
                  | Int-5 Stlth+}
  2829 | D:4      | 2829 ||| UPGRADING to +1 pair of gloves of the Old World
                  | {rN+ Str+6 Int-5 Stlth+}.
  2839 | D:4      | 2839 ||| DROPPING +0 pair of gloves.
  2973 | D:4      | 2973 ||| Stepping ~*~*~tactically~*~*~ (stealth).
  3088 | D:4      | Found a glowing golden altar of the Shining One.
  3089 | D:4      | 3089 ||| READING scroll labelled BUSEOS KASAOSK.
  3090 | D:4      | 3090 ||| READING 2 scrolls of identify.
  3090 | D:4      | 3090 ||| IDENTIFYING amethyst potion
  3097 | D:5      | Entered Level 5 of the Dungeon
  3097 | D:5      | Found Attenara's Jewellery Emporium.
  3098 | D:5      | 3098 ||| PLANNING SEWER
  3104 | D:5      | HP: 7/38 [orc priest/divine providence (12)]
  3109 | D:5      | Killed from afar by an orc priest

Levels and vault maps discovered:
D:1:      nzn_arrival_crosshair, layout_rooms
D:2:      layout_basic, serial_shops, nicolae_square_shop, uniq_natasha
D:3:      layout_loops_ring, lemuel_round_altar,
          shapermc_ecumenical_altar_acropolis
D:4:      gammafunk_steamed_eel, layout_basic, tso_oasis_becter,
          minmay_temple_entry_overgrown
D:5:      layout_gridville, slow_altar_2, portal_sewer_entry_e,
          ebering_dispersal_statue_hall, nicolae_stop_n_shop_2
Temple:   nicolae_temple_no_exploring_needed

Skill      XL: |  1  2  3  4  5 |
---------------+----------------+-----
Axes           | 2 3 4 5 |  5.5
Throwing       | 1 |  1.3
Fighting       | |  3.9
Armour         | |  3.2
Shields        | |  3.2

Action                     |  1- 3 |  4- 6 || total
---------------------------+-------+-------++-------
  Melee: War axe           |   104 |   143 ||   247
  Throw: Javelin           |       |    47 ||    47
         Boomerang         |       |     8 ||     8
    Use: Scroll            |     2 |     8 ||    10
         Potion            |       |     1 ||     1
 Armour: Scale mail        |    58 |    31 ||    89
         Chain mail        |       |    44 ||    44
  Dodge: Dodged            |    42 |    32 ||    74
  Block: Buckler           |    23 |    22 ||    45

Table legend:
 A = Non-vault XP
 B = Vault XP
 C = Vault XP percentage of total XP
 D = Non-vault monster count
 E = Vault monster count
 F = Vault count percentage of total count
                 A         B        C        D         E       F
            +---------+---------+-------+---------+---------+-------
      Total |     434 |      35 |   7.5 |      96 |       1 |   1.0
            +---------+---------+-------+---------+---------+-------
        D:1 |      47 |       0 |   0.0 |      28 |       0 |   0.0
        D:2 |     109 |      35 |  24.3 |      21 |       1 |   4.5
        D:3 |      47 |       0 |   0.0 |      20 |       0 |   0.0
        D:4 |     222 |       0 |   0.0 |      24 |       0 |   0.0
        D:5 |       9 |       0 |   0.0 |       3 |       0 |   0.0
            +---------+---------+-------+---------+---------+-------
